 Dungeon Crawl Stone Soup version 0.24.0-1-gfbc8707122 (webtiles) character file.

Game seed: 12208043354999138695, levelgen mode: deterministic

429 Mrkan the Chopper (level 6, 0/53 HPs)
             Began as a Draconian Monk on Oct 28, 2019.
             Was a Believer of Sif Muna.
             Slain by Prince Ribbit (2 damage)
             ... on level 5 of the Dungeon.
             The game lasted 00:09:18 (5054 turns).

Mrkan the Chopper (Draconian Monk)                  Turns: 5054, Time: 00:09:19

Health: 0/53       AC:  6    Str: 13    XL:     6   Next: 66%
Magic:  8/8        EV: 14    Int: 13    God:    Sif Muna [**....]
Gold:   266        SH:  0    Dex: 13    Spells: 7/7 levels left

rFire    . . .     SeeInvis .   m - +0 war axe
rCold    . . .     Gourm    .   (no shield)
rNeg     . . .     Faith    .   (armour unavailable)
rPois    .         Spirit   .   (helmet restricted)
rElec    .         Reflect  .   (no cloak)
rCorr    .         Harm     .   (no gloves)
MR       .....                  (no boots)
Stlth    ++........             (no amulet)
HPRegen  0.17/turn              (no ring)
MPRegen  0.11/turn              (no ring)

@: no status effects
A: unfitting armour, cold-blooded, AC +6
a: Channel Magic, Renounce Religion


You were on level 5 of the Dungeon.
You worshipped Sif Muna.
Sif Muna was pleased with you.
You were not hungry.

You visited 2 branches of the dungeon, and saw 6 of its levels.

You collected 266 gold pieces.

Inventory:

Hand Weapons
 m - a +0 war axe (weapon)
Jewellery
 a - an uncursed ring of fire {unknown}
 h - an uncursed ring of protection from cold {unknown}
 p - an uncursed ring of flight {unknown}
Wands
 s - a wand of flame (14)
Scrolls
 c - 7 scrolls of identify {unknown}
 d - 2 scrolls of noise {unknown}
 e - a scroll of immolation {unknown}
 f - 3 scrolls of remove curse {unknown}
 g - a scroll of enchant armour {unknown}
 i - 3 scrolls of teleportation {unknown}
 l - a scroll of enchant weapon {unknown}
 t - a scroll of fog {unknown}
Potions
 j - 2 potions of mutation {unknown}
 k - a potion of heal wounds {unknown}
 n - 3 potions of berserk rage {unknown}
 o - a potion of experience {unknown}
 q - a potion of lignification {unknown}
 r - a potion of haste {unknown}
 u - a potion of curing
Comestibles
 b - 6 rations


   Skills:
 + Level 4.7 Fighting
 * Level 5.3 Axes
 + Level 3.8 Dodging
 - Level 3.0 Stealth
 + Level 1.3 Spellcasting


You had 7 spell levels left.
You didn't know any spells.
Your spell library was empty.

Dungeon Overview and Level Annotations

Branches:
Dungeon (5/15)             Temple (1/1) D:4

Altars:
Ashenzari
Cheibriados
Dithmenos
Elyvilon
Fedhas
Gozag
Kikubaaqudgha
Makhleb
Ru
Sif Muna
Trog
Uskayaw
Wu Jian
Xom
Yredelemnul
Zin
The Shining One

Annotations:
D:4 2 runed translucent doors, Flydiii's ghost, amateur CeAM
D:5 Prince Ribbit


Innate Abilities, Weirdness & Mutations

Your plain brown scales are hard. (AC +6)
You cannot fit into any form of body armour.
You are cold-blooded and may be slowed by cold attacks.


Message History

Prince Ribbit closely misses you. x2
You hit Prince Ribbit.
Your tail-slap misses Prince Ribbit.
Prince Ribbit is lightly wounded.
Prince Ribbit closely misses you.
You hit Prince Ribbit.
Prince Ribbit is moderately wounded.
Prince Ribbit hits you but does no damage.
Prince Ribbit blinks!
Prince Ribbit blinks!
Prince Ribbit hits you.
You barely miss Prince Ribbit.
Your tail-slap misses Prince Ribbit.
Prince Ribbit is moderately wounded.
Prince Ribbit hits you!! Prince Ribbit hits you.
You barely miss Prince Ribbit.
Prince Ribbit is moderately wounded.
Prince Ribbit winks and puckers his lips.
Prince Ribbit hits you!
* * * LOW HITPOINT WARNING * * *
Prince Ribbit hits you.
You die...

#..###...###'#####
.. #...##..##..# .
.............#
..............#
...|..##+###..#
......##..###'#
............# ##
###......#
#.F@...# #......#
#..##### #..# ####


You could see Prince Ribbit.

Vanquished Creatures
  3 hounds
  A bullfrog skeleton (D:4)
  2 orc priests
  An orc wizard (D:4)
  A worker ant (D:4)
  6 adders
  2 oozes
  A worm (D:4)
  2 dart slugs (D:1)
  7 leopard geckos
  7 orcs
  8 bats
  3 giant cockroaches
  10 goblins
  13 hobgoblins
  25 jackals
  A quokka (D:3)
  A ball python (D:2)
  5 frilled lizards
  10 kobolds
  7 rats
116 creatures vanquished.

Notes
Turn   | Place    | Note
-------+----------+-------------------------------------------
     0 | D:1      | Mrkan the Draconian Monk began the quest for the Orb.
     0 | D:1      | Reached XP level 1. HP: 19/19 MP: 1/1
    60 | D:1      | Reached XP level 2. HP: 16/26 MP: 2/2
   507 | D:1      | Reached XP level 3. HP: 27/31 MP: 3/3
  1393 | D:2      | Reached XP level 4. HP: 35/40 MP: 4/4
  1422 | D:2      | Noticed an ogre
  1574 | D:1      | HP: 1/40 [ogre/+0 giant club (25)]
  1609 | D:2      | HP: 2/40 [poisoned by a goblin]
  1617 | D:2      | HP: 1/40 [poisoned by a goblin]
  2245 | D:2      | Reached skill level 4 in Axes
  3037 | D:3      | Reached XP level 5. HP: 46/46 MP: 5/5
  3613 | D:4      | Found a staircase to the Ecumenical Temple.
  3635 | Temple   | Entered the Ecumenical Temple
  3770 | Temple   | Became a worshipper of Sif Muna the Loreminder
  3770 | Temple   | Reached * piety under Sif Muna
  3770 | Temple   | Reached ** piety under Sif Muna
  3806 | D:4      | Reached XP level 6. HP: 5/53 MP: 6/6
  4245 | D:4      | Reached skill level 5 in Axes
  4423 | D:4      | Found a white marble altar of Elyvilon.
  4500 | D:4      | Reached skill level 1 in Spellcasting
  4539 | D:4      | Found a large runed translucent door.
  4539 | D:4      | Found a large runed translucent door.
  4543 | D:4      | Noticed Flydiii's ghost (amateur CeAM)
  4657 | D:5      | Entered Level 5 of the Dungeon
  5042 | D:5      | Noticed Prince Ribbit
  5054 | D:5      | HP: 2/53 [Prince Ribbit (16)]
  5054 | D:5      | Slain by Prince Ribbit

Levels and vault maps discovered:
D:1:      mushboom_english_gardens, layout_basic, minmay_split_cup_small
D:2:      minmay_recursive_quarters, layout_loops_ring
D:3:      layout_basic, first_ration, roderic_roman_lattice
D:4:      layout_rooms, lemuel_crystal_altar, minmay_temple_entry_proselytizer,
          gup_sewer_entry_spiral, ebering_ghost_disaster_area
D:5:      layout_gridville, serial_bayou_pond_c, uniq_pikel, uniq_prince_ribbit1
Temple:   lightli_temple_of_artemis

Skill      XL: |  1  2  3  4  5  6 |
---------------+-------------------+-----
Stealth        | 2 3 |  3.0
Dodging        | 3 |  3.8
Axes           | 4 5 |  5.3
Fighting       | 4 |  4.7
Spellcasting   | 1 |  1.3

Action                   |  1- 3 |  4- 6 || total
-------------------------+-------+-------++-------
Melee: Hand axe          |   165 |   144 ||   309
       Tailslap          |    14 |    25 ||    39
       War axe           |       |   152 ||   152
  Use: Potion            |       |     2 ||     2
 Stab: Sleeping          |     4 |     6 ||    10
  Eat: Chunk             |     1 |    10 ||    11
       Ration            |       |     1 ||     1
Armor: Skin              |    45 |    95 ||   140
Dodge: Dodged            |   128 |   229 ||   357
